 Dungeon Crawl Stone Soup version 0.19-a0-1922-g1e9a4c1 (console) character file.

5395 brucemayne the Severer (level 10, -3/118 HPs)
             Began as a Hill Orc Monk on Oct 24, 2016.
             Was an Elder of Makhleb.
             Slain by a manticore (5 damage)
             ... on level 12 of the Dungeon.
             The game lasted 00:25:56 (4619 turns).

brucemayne the Severer (Hill Orc Monk)              Turns: 4619, Time: 00:25:56

Health: -3/118     AC: 12    Str: 23    XL:     10   Next: 66%
Magic:  10/10      EV:  9    Int: 10    God:    Makhleb [****..]
Gold:   315        SH:  0    Dex: 13    Spells: 0 memorised, 9 levels left

rFire  + . .     SeeInvis .     J - +0 war axe
rCold  . . .     Gourm    .     r - +1 chain mail
rNeg   . . .     Faith    .     (no shield)
rPois  +         Spirit   .     (no helmet)
rElec  .         Reflect  .     (no cloak)
rCorr  .         Harm     .     x - +0 pair of gloves
MR     .....     Clarity  +     B - +0 pair of boots
Stlth  .......... Rnd*Tele +    v - amulet of regeneration
                                (no ring)
                                q - ring of poison resistance

@: berserking, barbed spikes, very slightly contaminated, hasted, very quick
A: clarity, fire resistance 1, frail 1, teleportitis 1
a: Minor Destruction, Lesser Servant of Makhleb, Major Destruction, Renounce
Religion


You were on level 12 of the Dungeon.
You worshipped Makhleb.
Makhleb was greatly pleased with you.
You were not hungry.

You visited 3 branches of the dungeon, and saw 14 of its levels.

You collected 315 gold pieces.

Inventory:

Hand Weapons
 a - a +0 hand axe
 e - a cursed +0 hunting sling
 i - a cursed -2 long sword
 t - a cursed -2 trident
 J - a +0 war axe (weapon)
Missiles
 m - a throwing net
 o - 12 poisoned needles
 s - 11 tomahawks (quivered)
 u - 25 sling bullets
Armour
 b - a +0 robe
 k - a +0 scale mail
 p - a +0 shield
 r - a +1 chain mail (worn)
 x - a +0 pair of gloves (worn)
 B - a +0 pair of boots (worn)
Jewellery
 q - a ring of poison resistance (left hand)
 v - an amulet of regeneration (around neck)
 A - an uncursed amulet of harm
Wands
 w - a wand of slowing (39/48)
Scrolls
 d - 2 scrolls of enchant armour
 f - a scroll of noise
Potions
 g - a potion of haste
 n - a potion of brilliance
Comestibles
 h - 2 meat rations
 j - 10 royal jellies


   Skills:
 + Level 8.0 Fighting
 - Level 17.3 Axes
 + Level 2.7 Armour
 - Level 2.4 Dodging
 - Level 1.5 Stealth


You had 9 spell levels left.
You didn't know any spells.

Dungeon Overview and Level Annotations

Branches:
Dungeon (12/15)            Temple (1/1) D:6            Lair (1/6) D:8
    Orc: D:9-12

Altars:
Cheibriados
Dithmenos
Elyvilon
Gozag
Kikubaaqudgha
Makhleb
Okawaru
Trog
The Shining One

Shops:
D:6 [(   D:7 (%(*

Annotations:
D:4 p0werm0de's ghost, amateur TeCK
D:10 Capuchin's ghost, novice MiFi
D:11 exclusion: upstairs, Fannar
Lair:1 varam's ghost, novice TrMo


Innate Abilities, Weirdness & Mutations

You possess an exceptional clarity of mind.
Your flesh is heat resistant. (rF+)
You are frail. (-10% HP)
You are occasionally teleported next to monsters.


Message History

You feel yourself moving faster!
You feel mighty!
The barbs in your skin will harm you if you move.
Continue?
The barbed spikes dig painfully into your body as you move.
* * * LOW HITPOINT WARNING * * *
You feel a strong urge to attack something.
The manticore barely misses you. The manticore claws you.
* * * LOW HITPOINT WARNING * * *
The manticore claws you but does no damage.
You slash the manticore!
The manticore is lightly wounded.
You hit the manticore.
The manticore is moderately wounded.
You barely miss the manticore.
The manticore is moderately wounded.
You slice the manticore!!
The manticore is severely wounded.
The manticore bites you!
* * * LOW HITPOINT WARNING * * *
The manticore claws you.
You die...

#.#.####.. #.#y# #
#.#.# ### .. ..#y#
..# ##. ###l# #.#
.... #.# #.#
.....##.####.# #.#
.............# #H#
.....##.###### #@#
....###.########.#
.........l.......#
###..#############
.... ###


You could see a manticore.

Vanquished Creatures
  A hill giant (D:10)
  A kobold demonologist (D:11)
  2 hippogriffs
  Sigmund (D:6)
  A wraith (D:11)
  A steam dragon (D:9)
  5 yaks (D:11)
  A water moccasin (D:7)
  An ice beast (D:9)
  A hornet zombie (D:11)
  An orc warrior (D:11)
  A phantom (D:11)
  A black bear (D:8)
  2 ogres
  8 centaurs
  6 bullfrogs
  A wight (D:8)
  4 killer bees
  3 crimson imps
  A centaur zombie (D:6)
  5 jellies
  3 orc priests
  A quasit (D:9)
  2 centaur skeletons (D:6)
  5 hounds
  A bullfrog skeleton (D:6)
  5 worker ants
  2 iguanas
  5 orc wizards
  A mummy (D:5)
  A worker ant zombie (D:7)
  6 adders
  7 gnolls
  3 shadow imps
  5 oozes (D:9)
  A worm (D:6)
  A dart slug (D:1)
  A leopard gecko (D:6)
  21 orcs
  A ball python (D:2)
  2 giant cockroaches
  A hobgoblin (D:2)
  5 jackals
  A frilled lizard (D:4)
  A jackal skeleton (D:7)
  A kobold zombie (D:5)
  A quokka zombie (D:5)
  A rat (D:2)
133 creatures vanquished.

Vanquished Creatures (collateral kills)
  A yak (D:11)
  3 orcs (D:11)
4 creatures vanquished.

Grand Total: 137 creatures vanquished

Notes
Turn   | Place    | Note
-------+----------+-------------------------------------------
     0 | D:1      | brucemayne the Hill Orc Monk began the quest for the Orb.
     0 | D:1      | Reached XP level 1. HP: 19/19 MP: 1/1
    98 | D:2      | Reached XP level 2. HP: 25/26 MP: 2/2
   263 | D:4      | Reached skill level 5 in Axes
   283 | D:5      | Entered Level 5 of the Dungeon
   286 | D:5      | Noticed a crimson imp
   356 | D:5      | Noticed a crimson imp
   403 | D:5      | You fall through a shaft!
   482 | D:6      | Noticed an ogre
   490 | D:6      | Found a staircase to the Ecumenical Temple.
   502 | D:6      | Noticed Sigmund
   539 | D:7      | Noticed a bullfrog
   556 | D:6      | Reached XP level 3. HP: 15/31 MP: 3/3
   560 | D:6      | Reached skill level 6 in Axes
   573 | D:6      | Found Ryesedgh's Armour Shop.
   622 | D:6      | Noticed a centaur
   714 | D:4      | Reached XP level 4. HP: 6/39 MP: 4/4
   904 | D:4      | Noticed p0werm0de's ghost (amateur TeCK)
   927 | D:4      | Noticed an ogre
  1009 | D:5      | Gained mutation: Your flesh is heat resistant. (rF+) [potion of mutation]
  1009 | D:5      | Gained mutation: You possess an exceptional clarity of mind. [potion of mutation]
  1009 | D:5      | Gained mutation: You are frail. (-10% HP) [potion of mutation]
  1017 | D:5      | Reached skill level 7 in Axes
  1022 | D:5      | Reached XP level 5. HP: 33/40 MP: 5/5
  1032 | D:5      | Gained mutation: You have a pair of small horns on your head. [potion of mutation]
  1032 | D:5      | Lost mutation: You have a pair of small horns on your head. [potion of mutation]
  1032 | D:5      | Gained mutation: Your flesh is cold resistant. (rC+) [potion of mutation]
  1080 | Temple   | Entered the Ecumenical Temple
  1096 | Temple   | Became a worshipper of Makhleb the Destroyer
  1096 | Temple   | Reached * piety under Makhleb
  1096 | Temple   | Reached ** piety under Makhleb
  1133 | D:6      | Reached skill level 8 in Axes
  1194 | D:6      | Reached XP level 6. HP: 43/45 MP: 6/6
  1264 | D:6      | Killed Sigmund
  1264 | D:6      | Reached skill level 9 in Axes
  1375 | D:6      | Reached skill level 10 in Axes
  1375 | D:6      | Reached XP level 7. HP: 43/51 MP: 7/7
  1457 | D:6      | Found a shadowy altar of Dithmenos.
  1470 | D:6      | Found Ablokave's Antique Weapon Shoppe.
  1605 | D:7      | Reached skill level 1 in Armour
  1621 | D:7      | Found Damp's Weapon Boutique.
  1635 | D:7      | Found Lauwof's Food Emporium.
  1685 | D:7      | Found Neniek's General Store.
  1775 | D:7      | Reached skill level 5 in Fighting
  1788 | D:8      | Noticed an elephant
  1959 | D:7      | Reached XP level 8. HP: 37/63 MP: 8/8
  2117 | D:8      | Reached skill level 11 in Axes
  2362 | D:8      | Found a staircase to the Lair.
  2441 | D:7      | Found an ancient bone altar of Kikubaaqudgha.
  2540 | D:7      | Found Cepeis's Antique Weapon Boutique.
  2657 | D:8      | Noticed a yak
  2657 | D:8      | Noticed a yak
  2657 | D:8      | Noticed a yak
  2659 | D:8      | Noticed a hippogriff
  2679 | D:8      | Killed a hippogriff
  2914 | D:8      | Reached skill level 12 in Axes
  2914 | D:8      | Reached XP level 9. HP: 67/72 MP: 9/9
  2937 | D:9      | Reached *** piety under Makhleb
  3023 | Lair:1   | Entered Level 1 of the Lair of Beasts
  3039 | Lair:1   | Noticed varam's ghost (novice TrMo)
  3268 | D:9      | Reached skill level 13 in Axes
  3292 | D:9      | Lost mutation: Your flesh is cold resistant. (rC+) [potion of mutation]
  3292 | D:9      | Gained mutation: You are occasionally teleported next to monsters. [potion of mutation]
  3344 | D:10     | Entered Level 10 of the Dungeon
  3456 | D:10     | Noticed a hill giant
  3526 | D:11     | Reached skill level 14 in Axes
  3597 | D:11     | Noticed an orange demon
  3604 | D:11     | Reached skill level 15 in Axes
  3643 | D:11     | HP: 2/72 [centaur (5)]
  3645 | D:11     | Noticed a kobold demonologist
  3649 | D:11     | HP: 1/72 [centaur (6)]
  3650 | D:11     | Reached XP level 10. HP: 9/79 MP: 10/10
  3654 | D:11     | HP: 3/79 [kobold demonologist/dagger of draining (3)]
  3663 | D:11     | Killed a kobold demonologist
  3785 | D:10     | Reached skill level 16 in Axes
  3872 | D:9      | Reached **** piety under Makhleb
  4135 | D:10     | Noticed a hill giant
  4152 | D:10     | Killed a hill giant
  4213 | D:10     | Noticed Capuchin's ghost (novice MiFi)
  4286 | D:9      | Reached skill level 17 in Axes
  4485 | D:11     | Noticed Fannar
  4487 | D:11     | Noticed an orange demon
  4555 | D:11     | Noticed a cyan ugly thing
  4573 | D:12     | Noticed a cyclops
  4610 | D:12     | Noticed a manticore
  4619 | D:12     | HP: 2/118 [manticore (12)]
  4619 | D:12     | Slain by a manticore

Vault maps used:
D:1:      lemuel_arrival_behind_the_door_large
D:4:      minmay_unequal
D:5:      serial_shops, shop, first_bread, nicolae_ossuary_entry_giza,
          kennysheep_okawaru_gauntlet
D:6:      basic_altar, serial_shops, shop_statue,
          nicolae_shop_overgrown_old_shop, uniq_sigmund
D:7:      kiku_gazebo_pond_becter, serial_shops, kennysheep_mini_moat,
          nicolae_shop_trees, shop, shop
D:8:      wad_statue_garden, david_lair_generic
D:9:      hangedman_little_slice_of_home, kennysheep_path_1
D:11:     erik_orc_2, grunt_ministairs_4, uniq_fannar
D:12:     lightli_wizard_tower, uniq_josephine
Temple:   regret_index_temple_chain_breaker
Lair:1:   serial_bayou_shore_b, bh_autumn_forest_stairs

Skill      XL: |  1  2  3  4  5  6  7  8  9 10 |
---------------+-------------------------------+-----
Axes           | 5 6 7 8 10 12 15 17 | 17.3
Fighting       | 5 8 |  8.0
Armour         | 2 |  2.7
Dodging        | |  2.4
Stealth        | |  1.5

Action                   |  1- 3 |  4- 6 |  7- 9 | 10-12 || total
-------------------------+-------+-------+-------+-------++-------
Melee: Hand axe          |   125 |   112 |   425 |       ||   662
       War axe           |       |       |    85 |   181 ||   266
Invok: Lesser Servant of |       |       |     4 |     1 ||     5
Evoke: Wand              |       |       |    10 |     3 ||    13
  Use: Scroll            |     1 |     4 |    10 |     1 ||    16
       Potion            |       |     5 |    10 |     3 ||    18
 Stab: Sleeping          |     1 |       |       |       ||     1
       Distracted        |       |       |     1 |       ||     1
  Eat: Chunk             |       |     1 |     3 |       ||     4
       Bread ration      |       |       |     1 |     1 ||     2
       Beef jerky        |       |       |     1 |       ||     1
       Pizza             |       |       |       |     1 ||     1
Armor: Robe              |     3 |       |       |       ||     3
       Chain mail        |    65 |    55 |   264 |   146 ||   530
       Scale mail        |    15 |       |       |       ||    15
       Skin              |       |       |     5 |       ||     5
Dodge: Dodged            |    59 |    29 |   143 |   111 ||   342
